 Dungeon Crawl Stone Soup version 0.29.0-4-gdea44cf6ec (webtiles) character file.

Game seed: 2816875855313002372

711 qw the Cleaver (level 7, -5/91 HPs)
             Began as a Minotaur Berserker on Sept 4, 2022.
             Was a Priest of Trog.
             Slain by an ogre
             ... wielding a +0 giant spiked club
              (26 damage)
             ... on level 4 of the Dungeon.
             The game lasted 00:01:36 (5126 turns).

qw the Cleaver (Minotaur Berserker)                 Turns: 5126, Time: 00:01:37

Health: -5/91      AC: 10    Str: 27    XL:     7   Next: 40%
Magic:  6/6        EV: 11    Int:  4    God:    Trog [***...]
Gold:   194        SH:  0    Dex: 14    Spells: 6/6 levels left

rFire   . . .      SeeInvis +   Y - +2 hand axe
rCold   . . .      Faith    .   (no shield)
rNeg    + . .      Spirit   .   e - +0 scale mail
rPois   +          Reflect  .   (helmet restricted)
rElec   .          Harm     .   a - +0 cloak "Unarphas" {rCorr SInv}
rCorr   +          Rampage  .   (no gloves)
Will    .....                   f - +2 pair of boots
Stlth   ..........              d - amulet of regeneration
HPRegen 1.05/turn               n - ring "Jetyarph" {rPois Str+4 Slay+4}
MPRegen 0.10/turn               j - ring of Yvosuno {rPois rN+ rCorr Dex+4}

@: berserking, very quick
A: horns 2, retaliatory headbutt
a: Renounce Religion, Berserk, Trog's Hand


You were on level 4 of the Dungeon.
You worshipped Trog.
Trog was most pleased with you.
You visited 1 branch of the dungeon, and saw 5 of its levels.

You collected 194 gold pieces.


Innate Abilities, Weirdness & Mutations

You have a pair of horns on your head.
You reflexively headbutt those who attack you in melee.


   Skills:
 - Level 5.6 Fighting
 + Level 9.4 Axes
 - Level 1.1 Throwing
 - Level 2.4 Armour
 - Level 2.1 Dodging


You had 6 spell levels left.
You didn't know any spells.
Your spell library was empty.

Inventory:

Hand Weapons
 m - a +0 morningstar
 Y - a +2 hand axe (weapon)
Missiles
 c - 2 javelins (quivered)
Armour
 a - the +0 cloak "Unarphas" (worn) {rCorr SInv}
   (You acquired it on level 1 of the Dungeon)

   SInv:      It lets you see invisible.
   rCorr:     It protects you from acid and corrosion.
 e - a +0 scale mail (worn)
 f - a +2 pair of boots (worn)
Jewellery
 d - an amulet of regeneration (around neck)
 j - the ring of Yvosuno (right hand) {rPois rN+ rCorr Dex+4}
   (You found it on level 2 of the Dungeon)

   [ring of resist corrosion]

   Dex:       It affects your dexterity (+4).
   rPois:     It protects you from poison.
   rN:        It protects you from negative energy.
   rCorr:     It protects you from acid and corrosion.
 n - the ring "Jetyarph" (left hand) {rPois Str+4 Slay+4}
   (You found it on level 4 of the Dungeon)

   [ring of slaying]

   Str:       It affects your strength (+4).
   Slay:      It affects your accuracy & damage with ranged weapons and melee
   (+4).
   rPois:     It protects you from poison.
Scrolls
 b - a scroll of identify
Potions
 l - a potion of might
 r - a potion of resistance {unknown}
 s - 3 potions of curing
 t - a potion of haste {unknown}

Dungeon Overview and Level Annotations

Branches:
Dungeon (5/15)
 Temple: D:4-7

Altars:
Qazlal
The Shining One

Annotations:
D:4 Pikel


Message History

You headbutt the ufetubus!
You kill the ufetubus!
Trog accepts your kill.
You start resting.
HP restored.
Partly explored, can't reach some places.
(D) Dungeon
Where to? (* - list waypoints, Enter - D:5, ? - help)
What level of the Dungeon? (default 1, ? - help)
You climb downwards.
Level annotation: Pikel The adder misses you.
A howler monkey comes into view.
Pikel hits you with a +2 whip of flaming!
Pikel burns you. The lemure barely misses you. You furiously retaliate!
You headbutt the lemure.
The ogre hits you with a +0 giant spiked club!!
The adder barely misses you.
The howler monkey howls!
There is a stone staircase leading up, spattered with blood here.
5123 ||| STAIRDANCE The adder bites you.
Pikel misses you. The lemure closely misses you.
The ogre hits you with a +0 giant spiked club!
You climb upwards.
There is a stone staircase leading down here.
You see here a +0 dagger.
5125 ||| INVOKING Berserk.
A red film seems to cover your vision as you go berserk!
You feel yourself moving faster!
You feel mighty! The adder bites you but does no damage.
The lemure barely misses you. You furiously retaliate!
You headbutt the lemure! Pikel hits you but does no damage.
You slash the lemure!
You kill the lemure!
That felt strangely unrewarding.
You slash the ogre! You slash the adder!
You kill the adder!
Trog accepts your kill.
You slash Pikel!
The ogre hits you with a +0 giant spiked club!!
You die...

.# ##...# #######..##... ##
#.#### #..###### #########.#
#)## #.. # #.........# ####.#
#.. #####.........# ####....#
#.. ....'.........# #....####
#.. #####.........#####.####
#..
#..........%.##.###########..
#...........@................
#...........KO##############.
#####'###.....###### #. #.#
#..........# ## #.#
#..........# ##. #.#
#..........# #.. #.#
#.####.....# #.. #.# #.#
#.....# #.. #.# #.# #.....#
#..


You could see Pikel and an ogre.

Vanquished Creatures
  Sigmund (D:3)
  Edmund (D:4)
  A phantom (D:4)
  4 lemures (D:4)
  Terence (D:3)
  2 iguanas (D:4)
  Natasha (thrice) (D:3)
  Robin (D:2)
  4 gnolls (D:4)
  4 adders
  2 river rats (D:3)
  A white imp (D:3)
  An ufetubus (D:4)
  7 worms
  3 dart slugs
  3 orcs
  3 bats (D:1)
  7 endoplasms
  4 giant cockroaches
  15 goblins
  9 hobgoblins
  2 quokkas
  10 ball pythons
  4 frilled lizards
  7 kobolds
  10 rats
110 creatures vanquished.

Notes
Turn   | Place    | Note
-------+----------+-------------------------------------------
     0 | D:1      | qw the Minotaur Berserker began the quest for the Orb.
     0 | D:1      | Reached XP level 1. HP: 19/19 MP: 0/0
     0 | D:1      | 0 ||| qw: Version: 0.1-a-103-gd6f5d3a
     0 | D:1      | 0 ||| qw: Game counter: 5713
     0 | D:1      | 0 ||| qw: Always use a shield: true
     0 | D:1      | 0 ||| qw: Do Orc after D:15 true
     0 | D:1      | 0 ||| qw: Do second Lair branch before Depths: true
     0 | D:1      | 0 ||| qw: Lair rune preference: random
     0 | D:1      | 0 ||| qw: Plans: Normal
     0 | D:1      | 0 ||| PLANNING D:1-11
   191 | D:1      | 191 ||| INVOKING Berserk.
   193 | D:1      | Reached skill level 4 in Axes
   363 | D:1      | Found a faded altar of an unknown god.
   366 | D:1      | 366 ||| Stepping ~*~*~tactically~*~*~ (stealth).
   473 | D:1      | Reached XP level 2. HP: 26/26 MP: 1/1
   549 | D:1      | 549 ||| Stepping ~*~*~tactically~*~*~ (stealth).
   598 | D:1      | 598 ||| DROPPING +0 whip.
   720 | D:1      | 720 ||| Stepping ~*~*~tactically~*~*~ (stealth).
   915 | D:1      | Reached skill level 5 in Axes
  1229 | D:1      | 1229 ||| UPGRADING to +0 pair of boots.
  1234 | D:1      | 1234 ||| UPGRADING to +0 scale mail.
  1244 | D:1      | 1244 ||| DROPPING +0 animal skin.
  1245 | D:1      | 1245 ||| UPGRADING to +0 cloak.
  1250 | D:1      | 1250 ||| READING scroll labelled TOHUBR GOSEKUN.
  1251 | D:1      | 1251 ||| READING scroll labelled GIXZIE WUFFAGY.
  1251 | D:1      | Identified a scroll of acquirement
  1251 | D:1      | 1251 ||| ACQUIRING +0 cloak "Unarphas" {rCorr SInv}
  1251 | D:1      | Acquired the +0 cloak "Unarphas" {rCorr SInv}
  1253 | D:1      | 1253 ||| UPGRADING to +0 cloak "Unarphas" {rCorr SInv}.
  1263 | D:1      | 1263 ||| DROPPING +0 cloak.
  1264 | D:1      | 1264 ||| READING scroll labelled WYITETIRGHAA.
  1265 | D:1      | 1265 ||| READING 2 scrolls labelled TUKLOA AJYGO.
  1266 | D:1      | 1266 ||| READING scroll labelled HOOTROXZEXT.
  1267 | D:1      | 1267 ||| READING 2 scrolls labelled FEGHENN XUMO.
  1268 | D:1      | 1268 ||| DROPPING scroll of blinking.
  1269 | D:1      | 1269 ||| DROPPING scroll of noise.
  1358 | D:2      | 1358 ||| READING scroll of enchant armour.
  1358 | D:2      | 1358 ||| ENCHANTING +0 pair of boots.
  1432 | D:2      | 1432 ||| Stepping ~*~*~tactically~*~*~ (hiding).
  1449 | D:2      | Reached XP level 3. HP: 31/31 MP: 2/2
  1449 | D:2      | Noticed Robin
  1450 | D:2      | 1450 ||| Stepping ~*~*~tactically~*~*~ (hiding).
  1457 | D:2      | Reached ** piety under Trog
  1460 | D:2      | 1460 ||| INVOKING Berserk.
  1462 | D:2      | Killed Robin
  1591 | D:2      | 1591 ||| Stepping ~*~*~tactically~*~*~ (stealth).
  1601 | D:2      | 1601 ||| READING scroll of enchant weapon.
  1601 | D:2      | 1601 ||| ENCHANTING +1 hand axe.
  1626 | D:2      | Identified the ring of Yvosuno {rPois rN+ rCorr Dex+4}
  1812 | D:2      | 1812 ||| INVOKING Berserk.
  1957 | D:2      | 1957 ||| INVOKING Berserk.
  2176 | D:2      | Reached skill level 6 in Axes
  2176 | D:2      | Reached XP level 4. HP: 39/39 MP: 3/3
  2315 | D:2      | 2315 ||| UPGRADING to amulet of regeneration.
  2320 | D:2      | 2320 ||| UPGRADING to ring of Yvosuno {rPois rN+ rCorr
                  | Dex+4}.
  2321 | D:2      | 2321 ||| UPGRADING to ring of positive energy.
  2322 | D:2      | 2322 ||| READING 3 scrolls of identify.
  2322 | D:2      | 2322 ||| IDENTIFYING lumpy orange potion
  2323 | D:2      | 2323 ||| READING 2 scrolls of identify.
  2323 | D:2      | 2323 ||| IDENTIFYING golden potion
  2324 | D:2      | 2324 ||| DROPPING potion of flight.
  2325 | D:2      | 2325 ||| DROPPING potion of attraction.
  2352 | D:3      | 2352 ||| PLANNING SEWER
  2360 | D:3      | Noticed Natasha
  2364 | D:3      | 2364 ||| INVOKING Berserk.
  2368 | D:3      | Killed Natasha
  2555 | D:3      | Found a stormy altar of Qazlal.
  2632 | D:3      | 2632 ||| Stepping ~*~*~tactically~*~*~ (stealth).
  2633 | D:3      | 2633 ||| Stepping ~*~*~tactically~*~*~ (stealth).
  2650 | D:3      | Noticed Natasha
  2651 | D:3      | 2651 ||| INVOKING Berserk.
  2653 | D:3      | Killed Natasha
  2654 | D:3      | Reached skill level 7 in Axes
  2654 | D:3      | Reached XP level 5. HP: 45/45 MP: 4/4
  2659 | D:3      | 2659 ||| Stepping ~*~*~tactically~*~*~ (stealth).
  3074 | D:3      | 3074 ||| RIP SEWER
  3149 | D:3      | 3149 ||| PLANNING D:1-11
  3155 | D:3      | Noticed Natasha
  3156 | D:3      | 3156 ||| Stepping ~*~*~tactically~*~*~ (hiding).
  3159 | D:3      | 3159 ||| INVOKING Berserk.
  3163 | D:3      | Killed Natasha
  3381 | D:3      | Noticed Sigmund
  3382 | D:3      | 3382 ||| Stepping ~*~*~tactically~*~*~ (hiding).
  3386 | D:3      | 3386 ||| INVOKING Berserk.
  3391 | D:3      | Killed Sigmund
  3392 | D:3      | Reached skill level 8 in Axes
  3392 | D:3      | Reached XP level 6. HP: 52/52 MP: 5/5
  3478 | D:3      | 3478 ||| Stepping ~*~*~tactically~*~*~ (stealth).
  3538 | D:3      | 3538 ||| Stepping ~*~*~tactically~*~*~ (water).
  3591 | D:3      | Noticed Terence
  3596 | D:3      | 3596 ||| INVOKING Berserk.
  3598 | D:3      | Killed Terence
  3711 | D:3      | Found a glowing golden altar of the Shining One.
  3722 | D:3      | 3722 ||| UPGRADING to +2 pair of boots.
  3732 | D:3      | 3732 ||| DROPPING +1 pair of boots.
  3733 | D:3      | 3733 ||| DROPPING amulet of faith.
  3734 | D:3      | 3734 ||| READING scroll labelled BIYMING LOAWAQ.
  3735 | D:3      | 3735 ||| READING scroll labelled KAL ASOCVOEKLAV.
  3736 | D:3      | 3736 ||| READING scroll labelled QIQARR TAOMUFAS.
  3737 | D:3      | 3737 ||| READING scroll labelled GIVVEWKENE.
  3738 | D:3      | 3738 ||| DRINKING 2 bubbling black potions.
  3739 | D:3      | 3739 ||| READING 3 scrolls of identify.
  3739 | D:3      | 3739 ||| IDENTIFYING purple potion
  3740 | D:3      | 3740 ||| READING 2 scrolls of identify.
  3740 | D:3      | 3740 ||| IDENTIFYING pink potion
  3741 | D:3      | 3741 ||| DROPPING potion of brilliance.
  3742 | D:3      | 3742 ||| DROPPING potion of berserk rage.
  3836 | D:4      | 3836 ||| Stepping ~*~*~tactically~*~*~ (hiding).
  3861 | D:4      | 3861 ||| INVOKING Berserk.
  3863 | D:4      | Reached skill level 9 in Axes
  4050 | D:4      | 4050 ||| Stepping ~*~*~tactically~*~*~ (stealth).
  4051 | D:4      | 4051 ||| Stepping ~*~*~tactically~*~*~ (stealth).
  4071 | D:4      | 4071 ||| Stepping ~*~*~tactically~*~*~ (stealth).
  4072 | D:4      | 4072 ||| Stepping ~*~*~tactically~*~*~ (stealth).
  4077 | D:4      | Reached *** piety under Trog
  4182 | D:4      | 4182 ||| DROPPING +0 flail.
  4233 | D:4      | Noticed Edmund
  4237 | D:4      | 4237 ||| INVOKING Berserk.
  4240 | D:4      | Killed Edmund
  4241 | D:4      | Reached XP level 7. HP: 61/61 MP: 6/6
  4593 | D:4      | Identified the ring "Jetyarph" {rPois Str+4 Slay+4}
  4840 | D:4      | 4840 ||| UPGRADING to ring "Jetyarph" {rPois Str+4 Slay+4}.
  4842 | D:4      | 4842 ||| UPGRADING to ring of Yvosuno {rPois rN+ rCorr
                  | Dex+4}.
  4844 | D:4      | 4844 ||| DROPPING ring of positive energy.
  4845 | D:4      | 4845 ||| READING scroll labelled ATUOVE LUEBOGG.
  4946 | D:4      | 4946 ||| READING scroll labelled DOMUUG HEXTIS.
  4950 | D:4      | 4950 ||| DRINKING 4 fizzy purple potions.
  4951 | D:4      | 4951 ||| READING 2 scrolls of identify.
  4951 | D:4      | 4951 ||| IDENTIFYING bubbling coppery potion
  4952 | D:4      | 4952 ||| DROPPING potion of lignification.
  4993 | D:5      | Entered Level 5 of the Dungeon
  4994 | D:5      | 4994 ||| STAIRDANCE
  4994 | D:5      | Noticed Pikel
  5098 | D:5      | 5098 ||| STAIRDANCE
  5110 | D:5      | 5110 ||| STAIRDANCE
  5115 | D:4      | Reached skill level 1 in Throwing
  5123 | D:5      | 5123 ||| STAIRDANCE
  5123 | D:5      | HP: 11/61 [ogre/+0 giant spiked club (11)]
  5125 | D:4      | 5125 ||| INVOKING Berserk.
  5126 | D:4      | Slain by an ogre

Levels and vault maps discovered:
D:1:      scummos_arrival_simple_fountains, layout_loops_ring,
          nicolae_ecumenical_snake_handling, corexii_hall_statues_t
D:2:      layout_basic, nicolae_wormholes, uniq_robin
D:3:      layout_loops_ring, nicolae_qazlal_eye_of_the_storm,
          nicolae_tso_swordbearing_angel, portal_sewer_entry_e, uniq_sigmund,
          uniq_natasha, uniq_terence
D:4:      cheibrodos_quashed, layout_basic, uniq_edmund, uniq_crazy_yiuf_cottage
D:5:      layout_cave_pools, nicolae_overflow_hidden_temple, serial_shops, shop,
          nicolae_diamond_shop, uniq_pikel

Skill      XL: |  1  2  3  4  5  6  7 |
---------------+----------------------+-----
Axes           | 4 5 6 7 8 9 |  9.4
Fighting       | 4 5 |  5.6
Throwing       | 1 |  1.1
Armour         | |  2.4
Dodging        | |  2.1

Action                   |  1- 3 |  4- 6 |  7- 9 || total
-------------------------+-------+-------+-------++-------
Melee: Hand axe          |    97 |    99 |    21 ||   217
       Headbutt          |     6 |    20 |     6 ||    32
       Punch             |     1 |       |       ||     1
Throw: Javelin           |       |     5 |     4 ||     9
Invok: Berserk           |     4 |     7 |     1 ||    12
  Use: Scroll            |     8 |     8 |     3 ||    19
       Potion            |       |     1 |     1 ||     2
Armor: Animal skin       |    11 |       |       ||    11
       Scale mail        |    14 |    22 |    21 ||    57
Dodge: Dodged            |    43 |    31 |    30 ||   104

Table legend:
 A = Non-vault XP
 B = Vault XP
 C = Vault XP percentage of total XP
 D = Non-vault monster count
 E = Vault monster count
 F = Vault count percentage of total count
                 A         B        C        D         E       F
            +---------+---------+-------+---------+---------+-------
      Total |     495 |     534 |  51.9 |      77 |      29 |  27.4
            +---------+---------+-------+---------+---------+-------
        D:1 |      36 |       1 |   2.7 |      23 |       1 |   4.2
        D:2 |      34 |      53 |  60.9 |      10 |      16 |  61.5
        D:3 |     140 |     323 |  69.8 |      21 |      11 |  34.4
        D:4 |     285 |     157 |  35.5 |      23 |       1 |   4.2
            +---------+---------+-------+---------+---------+-------
